 Dungeon Crawl Stone Soup version 0.29-a0-1006-g0dd7720b37 (webtiles) character file.

Game seed: 18158572500034078867

856 voltaire321 the Chiller (level 8, -1/60 HPs)
             Began as a Merfolk Ice Elementalist on Aug 7, 2022.
             Was an Initiate of Sif Muna.
             Slain by an ice beast (14 damage)
             ... on level 5 of the Dungeon.
             The game lasted 00:20:56 (5783 turns).

voltaire321 the Chiller (Merfolk Ice Elementalist)  Turns: 5783, Time: 00:20:56

Health: -1/60      AC:  5    Str:  9    XL:     8   Next: 2%
Magic:  14/14      EV: 14    Int: 16    God:    Sif Muna [......]
Gold:   176        SH:  5    Dex: 14    Spells: 4/15 levels left

rFire   . . .      SeeInvis .   k - +2 dagger (venom)
rCold   . . .      Faith    .   (no shield)
rNeg    . . .      Spirit   .   a - +0 robe
rPois   .          Reflect  +   (no helmet)
rElec   .          Harm     .   (no cloak)
rCorr   .          Rampage  .   d - +1 pair of gloves
Will    .....                   l - +0 pair of boots
Stlth   +++.......              i - amulet of reflection
HPRegen 0.20/turn               (no ring)
MPRegen 0.14/turn               (no ring)

@: no status effects
A: (nimble swimmer 2), mertail
a: Renounce Religion


You were on level 5 of the Dungeon.
You worshipped Sif Muna.
Sif Muna was noncommittal.
You visited 2 branches of the dungeon, and saw 6 of its levels.

You collected 176 gold pieces.

Inventory:

Hand Weapons
 k - a +2 dagger of venom (weapon)
 o - a +2 whip of flaming
Armour
 a - a +0 robe (worn)
 d - a +1 pair of gloves (worn)
 l - a +0 pair of boots (worn)
Magical Staves
 q - a staff of earth
Jewellery
 g - an amulet of the acrobat
 i - an amulet of reflection (around neck)
 n - a ring of fire
Wands
 c - a wand of flame (18)
Scrolls
 h - a scroll of magic mapping
 m - 2 scrolls of identify
Potions
 b - a potion of magic
 e - a potion of attraction {unknown}
 f - a potion of ambrosia
 j - a potion of might {unknown}


   Skills:
 + Level 3.9 Fighting
 + Level 5.7 Dodging
 + Level 5.1 Stealth
 + Level 4.0 Spellcasting
 + Level 6.1 Ice Magic
 + Level 0.3 Invocations


You had 4 spell levels left.
You knew the following spells:

 Your Spells              Type           Power      Damage    Failure   Level
a - Freeze                Ice            88%        1d10      1%          1
b - Frozen Ramparts       Ice            44%        1d7       4%          3
c - Ozocubu's Armour      Ice            22%        N/A       4%          3
d - Hailstorm             Conj/Ice       13%        3d5       43%         4

Your spell library contained the following spells:

 Spells                   Type           Power      Damage    Failure   Level
 Dazzling Flash           Conj/Hex       6%         N/A       45%         3
 Gell's Gravitas          Tloc           3%         N/A       45%         3
 Lesser Beckoning         Tloc           3%         N/A       45%         3
 Portal Projectile        Hex/Tloc       6%         N/A       45%         3
 Teleport Other           Tloc           3%         N/A       45%         3
 Tukima's Dance           Hex            3%         N/A       45%         3
 Iskenderun's Mystic Bla  Conj/Tloc      3%         2d3       86%         4
 Blade Hands              Tmut           1%         N/A       99%         5
 Starburst                Conj/Fire      1%         6d3       100%        6


Dungeon Overview and Level Annotations

Branches:
Dungeon (5/15)             Temple (1/1) D:5

Altars:
Ashenzari
Cheibriados
Dithmenos
Elyvilon
Fedhas
Gozag
Hepliaklqana
Kikubaaqudgha
Makhleb
Nemelex Xobeh
Qazlal
Ru
Sif Muna
Trog
Uskayaw
Vehumet
Wu Jian
Xom
Zin

Annotations:
D:5 Grinder


Innate Abilities, Weirdness & Mutations

((You are very nimble when in or above water. (Stealth+, EV+, Speed+++)))
Your lower body shifts to a powerful aquatic tail in water.


Message History

The orc barely misses you.
You hit the orc.
The orc looks as sick as possible!
The orc is moderately wounded.
You kill the orc!
Sif Muna accepts your kill.
Your icy armour cracks and falls away as you move.
Items here: ))) [[[ †††.
Okay, then.
You see here an adder corpse.
Things that are here:
a +0 flail; a +0 dagger; an orc corpse You start resting.
Magic restored.
Found a stone staircase leading down.
Found a stone staircase leading up.
Found a robe.
m - 2 scrolls of identify (gained 1)
The helpless ice beast fails to defend itself.
You puncture the ice beast!
The ice beast is heavily wounded.
The ice beast barely misses you.
You hit the ice beast.
The ice beast is severely wounded.
The ice beast hits you. The ice beast freezes you!
You barely miss the ice beast.
The ice beast is severely wounded.
The ice beast hits you. The ice beast freezes you!
You hit the ice beast but do no damage.
The ice beast is poisoned.
The ice beast is severely wounded.
The ice beast hits you. The ice beast freezes you!
You hit the ice beast.
The ice beast is severely wounded.
The ice beast hits you. The ice beast freezes you.
* * * LOW HITPOINT WARNING * * *
The ice beast attacks as you move away!
The ice beast hits you but does no damage.
The ice beast attacks as you move away! The ice beast hits you.
* * * LOW HITPOINT WARNING * * *
The ice beast freezes you!
You die...

...................### #......
####.................######.)....
###)######...........##.......
#†# ##.........#.......... #)#
#..........####....... #.#
#.........## ##...... #.#
#.........# #...... #.##
##........#### ##..... #..#
#.....@Y.....# #..... #..#
##.......###.# ##.... #..#
######.## #.######.... #..# ###
#........... #..# ##..#...##...
#..####### #....#.#..#..
##.#...... #.#..#....#.#
#...........# #..##....#..#
##...........# #.....>.....#


You could see an ice beast (poisoned).

Vanquished Creatures
  A black bear (D:5)
  An ogre (D:4)
  A phantom (D:4)
  5 scorpions
  A jelly (D:4)
  A hound (D:4)
  2 orc wizards (D:5)
  11 adders
  A shadow imp (D:5)
  2 worms
  7 orcs
  4 ball pythons
  10 endoplasms
  2 giant cockroaches (D:1)
  3 goblins
  7 hobgoblins
  7 jackals
  5 quokkas
  6 bats
  4 frilled lizards
  7 kobolds
  4 rats
92 creatures vanquished.

Notes
Turn   | Place    | Note
-------+----------+-------------------------------------------
     0 | D:1      | voltaire321 the Merfolk Ice Elementalist began the quest
                  | for the Orb.
     0 | D:1      | Reached XP level 1. HP: 13/13 MP: 3/3
   456 | D:1      | Reached XP level 2. HP: 20/20 MP: 1/5
   785 | D:1      | Reached skill level 1 in Fighting
   869 | D:1      | Found a faded altar of an unknown god.
  1358 | D:2      | Reached XP level 3. HP: 21/26 MP: 1/6
  1428 | D:2      | Learned a level 3 spell: Frozen Ramparts
  1732 | D:2      | Reached XP level 4. HP: 30/32 MP: 4/7
  2404 | D:3      | Learned a level 3 spell: Ozocubu's Armour
  2486 | D:3      | Found a snail-covered altar of Cheibriados.
  2769 | D:3      | Found a stormy altar of Qazlal.
  2987 | D:4      | Noticed a scorpion
  2994 | D:4      | Killed a scorpion
  2995 | D:4      | Reached skill level 5 in Ice Magic
  2995 | D:4      | Reached XP level 5. HP: 35/38 MP: 6/9
  3532 | D:4      | Reached XP level 6. HP: 33/46 MP: 10/10
  4632 | D:4      | Reached skill level 5 in Dodging
  4632 | D:4      | Reached XP level 7. HP: 52/52 MP: 10/12
  4938 | D:5      | Entered Level 5 of the Dungeon
  4963 | D:5      | Noticed Grinder
  4985 | D:5      | Paralysed by Grinder for 3 turns
  4999 | D:5      | Paralysed by Grinder for 5 turns
  5261 | D:5      | Learned a level 4 spell: Hailstorm
  5287 | D:5      | Reached skill level 6 in Ice Magic
  5431 | D:5      | Found a staircase to the Ecumenical Temple.
  5440 | Temple   | Entered the Ecumenical Temple
  5584 | Temple   | Became a worshipper of Sif Muna the Loreminder
  5671 | D:5      | Reached skill level 5 in Stealth
  5680 | D:5      | Reached XP level 8. HP: 59/60 MP: 6/14
  5783 | D:5      | Slain by an ice beast

Illustrated notes

Levels and vault maps discovered:
D:1:      noname_arrival_rooms_in_the_neighbourhood, layout_basic,
          dreamdust_ecumenical_altar_hidden_monk_grotto
D:2:      layout_rooms
D:3:      layout_loops_cross, grunt_temple_overflow_open
D:4:      layout_loops_corners
D:5:      black_bear_nest_2, layout_cave_pods, minmay_temple_entry_mini_moons,
          uniq_grinder
Temple:   nicolae_temple_bog_church

Skill      XL: |  1  2  3  4  5  6  7 |
---------------+----------------------+-----
Dodging        | 3 4 5 |  5.7
Fighting       | 1 2 3 |  3.9
Stealth        | 3 4 5 |  5.1
Ice Magic      | 5 6 |  6.1
Spellcasting   | 3 4 |  4.0
Invocations    | |  0.3

Action                   |  1- 3 |  4- 6 |  7- 9 || total
-------------------------+-------+-------+-------++-------
Melee: Hand axe          |    14 |       |       ||    14
       Dagger            |     8 |    91 |    78 ||   177
 Cast: Freeze            |    41 |    41 |     1 ||    83
       Ozocubu's Armour  |       |     1 |     5 ||     6
       Frozen Ramparts   |       |     1 |     4 ||     5
  Use: Scroll            |       |     7 |     4 ||    11
 Stab: Sleeping          |     1 |    14 |     2 ||    17
Armor: Robe              |     9 |    19 |    14 ||    42
Dodge: Dodged            |    52 |    47 |    35 ||   134
Block: Other             |     2 |    27 |    15 ||    44

Table legend: (Time is in decaauts)
 A = Elapsed time spent in this place.
 B = Non-inter-level travel time spent in this place.
 C = Inter-level travel time spent in this place.
 D = Time resting spent in this place.
 E = Time spent auto-exploring this place.
 F = Levels seen in this place.
 G = Mean time per level.
                   A        B        C        D        E       F      G
               +--------+--------+--------+--------+--------+-----+--------+
         Total |   5759 |   5641 |    118 |   1743 |   2617 |   6 |  959.8 |
       Dungeon |   5623 |   5505 |    118 |   1743 |   2541 |   5 | 1124.6 |
        Temple |    136 |    136 |      0 |      0 |     76 |   1 |  136.0 |
               +--------+--------+--------+--------+--------+-----+--------+

Top non-repeatable levels by time:
     D:4: 2164 daAuts
     D:1: 1343 daAuts
     D:3: 850 daAuts
     D:2: 806 daAuts
     D:5: 457 daAuts
  Temple: 136 daAuts
